 Dungeon Crawl Stone Soup version 0.27-a0-789-g6bb3289e1e (webtiles) character file.

Game seed: 7898103298707833280

353 robertstho the Shooter (level 6, 0/51 HPs)
             Began as a Minotaur Hunter on Mar 26, 2021.
             Slain by a hornet zombie (8 damage)
             ... on level 5 of the Dungeon.
             The game lasted 00:04:37 (3421 turns).

robertstho the Shooter (Minotaur Hunter)            Turns: 3421, Time: 00:04:38

Health: 0/51       AC: 11    Str: 19    XL:     6   Next: 35%
Magic:  5/5        EV: 12    Int:  8    God:
Gold:   135        SH:  0    Dex: 10    Spells: 5/5 levels left

rFire    . . .     SeeInvis .   r - +2 dagger (venom)
rCold    + . .     Faith    .   (no shield)
rNeg     . . .     Spirit   .   k - +3 leather armour {rC+}
rPois    .         Reflect  .   j - +2 hat
rElec    +         Harm     .   (no cloak)
rCorr    .         Rampage  .   (no gloves)
Will     .....                  f - +2 pair of boots of the Evil One {rElec}
Stlth    +.........             (no amulet)
HPRegen  0.17/turn              (no ring)
MPRegen  0.09/turn              (no ring)

@: no status effects
A: horns 2, retaliatory headbutt
a: no special abilities


You were on level 5 of the Dungeon.
You visited 1 branch of the dungeon, and saw 5 of its levels.

You collected 191 gold pieces.
You spent 56 gold pieces at shops.

Inventory:

Hand Weapons
 a - a +1 shortbow
 i - a +2 whip of freezing
 r - a +2 dagger of venom (weapon)
Missiles
 d - 47 arrows
Armour
 f - the +2 pair of boots of the Evil One (worn) {rElec}
   (You acquired it on level 1 of the Dungeon)

   It insulates you from electricity.
 j - a +2 hat (worn)
 k - a +3 leather armour of cold resistance (worn)
Scrolls
 b - 5 scrolls of teleportation
 n - a scroll of identify {unknown}
Potions
 c - a potion of heal wounds {unknown}
 e - a potion of lignification {unknown}
 g - a potion of invisibility {unknown}
 h - 2 potions of flight {unknown}
 l - 2 potions of curing {unknown}
 m - a potion of berserk rage {unknown}
 o - a potion of might
 q - a potion of haste {unknown}


   Skills:
 * Level 3.5 Fighting
 + Level 1.0 Short Blades
 + Level 2.1 Maces & Flails
 * Level 6.2 Bows
 * Level 3.4 Armour
 + Level 3.4 Dodging
 - Level 0.7 Stealth


You had 5 spell levels left.
You didn't know any spells.
Your spell library was empty.

Dungeon Overview and Level Annotations

Branches:
Dungeon (5/15)
 Temple: D:4-7

Altars:
Yredelemnul

Shops:
D:3 !


Innate Abilities, Weirdness & Mutations

You have a pair of horns on your head.
You reflexively headbutt those who attack you in melee.


Message History

You completely miss the hornet zombie.
The hornet zombie is severely damaged.
The hornet zombie misses you. You furiously retaliate!
You headbutt the hornet zombie. You closely miss the hornet zombie.
The hornet zombie is severely damaged.
The hornet zombie hits you.
You hit the hornet zombie. Your headbutt misses the hornet zombie.
The hornet zombie is almost destroyed.
The hornet zombie hits you.
You closely miss the hornet zombie. Your headbutt misses the hornet zombie.
The hornet zombie is almost destroyed.
The hornet zombie closely misses you.
You hit the hornet zombie but do no damage.
Your headbutt misses the hornet zombie.
The hornet zombie is almost destroyed.
The hornet zombie hits you. x2
You are too injured to fight recklessly!
You are too injured to fight recklessly!
You are too injured to fight recklessly!
You are too injured to fight recklessly!
You are too injured to fight recklessly!
You barely miss the hornet zombie. Your headbutt misses the hornet zombie.
The hornet zombie is almost destroyed.
The hornet zombie hits you but does no damage.
You hit the hornet zombie.
The hornet zombie is almost destroyed.
The hornet zombie barely misses you.
You hit the hornet zombie.
The hornet zombie is almost destroyed.
The hornet zombie hits you.
* * * LOW HITPOINT WARNING * * *
You barely miss the hornet zombie.
The hornet zombie is almost destroyed.
The hornet zombie hits you!
* * * LOW HITPOINT WARNING * * *
You closely miss the hornet zombie.
The hornet zombie is almost destroyed.
The hornet zombie hits you!
You die...

.................... ..
....####..........# ...#
##.####...........##....
.#...##........#........
.##.###.......###.....#
....#......##..#......#
#....)................#
......#............#..
..#...#.......##@..#
..#.....#.....#.Z###
.#.#....#......... ...
.........##.... #..
......#.. ...... ..
.#####........ .......##
$.....###


You could see a hornet zombie.

Vanquished Creatures
  2 hounds (D:4)
  2 jellies
  An iguana (D:4)
  Robin (D:3)
  6 adders
  A worm (D:2)
  6 dart slugs
  6 orcs
  6 ball pythons
  9 bats
  9 endoplasms
  5 giant cockroaches
  11 goblins
  9 hobgoblins
  14 jackals
  6 quokkas
  2 frilled lizards (D:1)
  7 kobolds
  8 rats
111 creatures vanquished.

Notes
Turn   | Place    | Note
-------+----------+-------------------------------------------
     0 | D:1      | robertstho the Minotaur Hunter began the quest for the Orb.
     0 | D:1      | Reached XP level 1. HP: 18/18 MP: 0/0
    17 | D:1      | Noticed a killer bee
    17 | D:1      | Noticed a salamander
    19 | D:1      | Noticed a hog
    19 | D:1      | Noticed a lindwurm
    71 | D:1      | Reached XP level 2. HP: 25/25 MP: 1/1
   166 | D:1      | Reached skill level 5 in Bows
   363 | D:1      | Reached XP level 3. HP: 13/30 MP: 2/2
   840 | D:1      | Identified a scroll of acquirement
   840 | D:1      | Acquired the +2 pair of boots of the Evil One {rElec}
  1133 | D:2      | Found a basalt altar of Yredelemnul.
  1164 | D:2      | Reached skill level 1 in Armour
  1406 | D:3      | Reached XP level 4. HP: 38/38 MP: 3/3
  1500 | D:3      | Found Jefuepy's Distillery.
  1509 | D:3      | Bought a potion of might for 56 gold pieces
  1701 | D:3      | Noticed Robin
  1729 | D:3      | Killed Robin
  2013 | D:3      | Reached XP level 5. HP: 44/45 MP: 4/4
  2389 | D:4      | Reached skill level 1 in Short Blades
  2389 | D:4      | Reached skill level 1 in Maces & Flails
  2539 | D:4      | Reached skill level 6 in Bows
  2838 | D:4      | Reached XP level 6. HP: 51/51 MP: 5/5
  3136 | D:4      | Identified the +0 tower shield of Purpose {MP+9 Int+6}
  3258 | D:5      | Entered Level 5 of the Dungeon
  3421 | D:5      | Slain by a hornet zombie

Illustrated notes

Levels and vault maps discovered:
D:1:      onia_arrival_zoo_common, layout_rooms
D:2:      layout_rooms, yredelemnul_altar_generic
D:3:      minmay_angry_zag, layout_rooms, serial_shops, shop,
          palyth_stone_intersect, minmay_increasing_density, uniq_robin
D:4:      layout_basic, serial_bayou_pond_a
D:5:      layout_cave_pools, lemuel_doored_altar, minmay_statues_item,
          minmay_misc_feat_ornament

Skill      XL: |  1  2  3  4  5  6 |
---------------+-------------------+-----
Bows           | 5 6 |  6.2
Fighting       | 3 |  3.5
Armour         | 1 2 3 |  3.4
Short Blades   | 1 |  1.0
Maces & Flails | 1 2 |  2.1
Dodging        | 3 |  3.4
Stealth        | |  0.7

Action                   |  1- 3 |  4- 6 || total
-------------------------+-------+-------++-------
Melee: Short sword       |    51 |       ||    51
       Headbutt          |     5 |    22 ||    27
       Whip              |    17 |   124 ||   141
       Dagger            |       |    32 ||    32
 Fire: Shortbow          |    44 |       ||    44
  Use: Scroll            |     4 |     3 ||     7
 Stab: Sleeping          |     1 |       ||     1
Armor: Leather armour    |    34 |    37 ||    71
Dodge: Dodged            |    51 |    81 ||   132

Table legend: (Time is in decaauts)
 A = Elapsed time spent in this place.
 B = Non-inter-level travel time spent in this place.
 C = Inter-level travel time spent in this place.
 D = Time resting spent in this place.
 E = Time spent auto-exploring this place.
 F = Levels seen in this place.
 G = Mean time per level.
                   A        B        C        D        E       F      G
               +--------+--------+--------+--------+--------+-----+--------+
         Total |   3435 |   3316 |    119 |      0 |   2725 |   5 |  687.0 |
       Dungeon |   3435 |   3316 |    119 |      0 |   2725 |   5 |  687.0 |
               +--------+--------+--------+--------+--------+-----+--------+

Top non-repeatable levels by time:
     D:3: 965 daAuts
     D:4: 917 daAuts
     D:1: 880 daAuts
     D:2: 510 daAuts
     D:5: 161 daAuts
